 Dungeon Crawl Stone Soup version 0.19.0 (webtiles) character file.

84 Danakh the Skirmisher (level 4, -1/41 HPs)
             Began as a Minotaur Fighter on Nov 6, 2016.
             Slain by a gnoll
             ... wielding a +0 halberd
              (17 damage)
             ... on level 2 of the Dungeon on Nov 7, 2016.
             The game lasted 00:02:56 (1194 turns).

Danakh the Skirmisher (Minotaur Fighter)            Turns: 1194, Time: 00:02:56

Health: -1/41      AC:  7    Str: 21    XL:     4   Next: 24%
Magic:  3/3        EV:  7    Int:  5    God:
Gold:   71         SH:  9    Dex: 10    Spells: 0 memorised, 3 levels left

rFire  . . .     SeeInvis .     a - +0 war axe
rCold  . . .     Gourm    .     b - +0 scale mail
rNeg   . . .     Faith    .     c - +0 shield
rPois  .         Spirit   .     (helmet restricted)
rElec  .         Reflect  .     (no cloak)
rCorr  .         Harm     .     (no gloves)
MR     .....                    (no boots)
Stlth  ..........               m - amulet of regeneration
                                (no ring)
                                (no ring)

@: no status effects
A: retaliatory headbutt, horns 2
a: no special abilities


You were on level 2 of the Dungeon.
You were not hungry.

You visited 1 branch of the dungeon, and saw 2 of its levels.

You collected 71 gold pieces.

Inventory:

Hand Weapons
 a - a +0 war axe (weapon)
Armour
 b - a +0 scale mail (worn)
 c - a +0 shield (worn)
Jewellery
 m - an amulet of regeneration (around neck)
Scrolls
 e - 2 scrolls of teleportation {unknown}
 g - a scroll of magic mapping {unknown}
 j - 2 scrolls of identify {unknown}
 k - a scroll of fog {unknown}
 l - a scroll of remove curse {unknown}
Potions
 d - a potion of might
 h - a potion of agility {unknown}
 i - a potion of invisibility {unknown}
 n - a potion of curing {unknown}
 o - a potion of lignification {unknown}
 p - a potion of beneficial mutation {unknown}
Comestibles
 f - 2 bread rations


   Skills:
 + Level 4.3 Fighting
 * Level 3.8 Axes
 + Level 4.2 Armour
 + Level 4.2 Shields


You had 3 spell levels left.
You didn't know any spells.

Dungeon Overview and Level Annotations

Branches:
Dungeon (2/15)

Altars:


Innate Abilities, Weirdness & Mutations

You reflexively headbutt those who attack you in melee.
You have a pair of horns on your head.


Message History

The bat barely misses you. You block the bat's attack.
The bat hits you but does no damage.
There is an open door here.
The bat hits you but does no damage. The bat hits you but does no damage.
The bat barely misses you. You block the bat's attack.
The bat hits you but does no damage. You block the bat's attack.
The bat hits you but does no damage. The bat hits you but does no damage.
You block the bat's attack. The gnoll hits you with a halberd.
The bat hits you but does no damage.
You slash the gnoll! Your headbutt misses the gnoll.
The gnoll is severely wounded.
Your shield and scale mail prevent you from hitting the bat.
You hit the gnoll but do no damage. You block the bat's attack. x2
You block the gnoll's attack. The gnoll hits you with a halberd!
You die...

......# ##.......## ##.###
##.#### ##.....## #...# #.#
##...## ###.# #.# ##'## #.#
#.# #.# #.# #.#
#.###########.# #.#
##K##........#.# #.#
##..g#.######.#.# #.#
####...g@.######.#.# #.#
#........b....##.#.#
#.######.####.##.##...#.#.#
#........# ####.###......#
########## #........###
##########


You could see 2 gnolls, a bat and a kobold.

Vanquished Creatures
  Terence (D:2)
  2 gnolls (D:2)
  A worm (D:2)
  10 bats
  3 giant cockroaches
  4 goblins (D:1)
  4 hobgoblins (D:1)
  3 jackals (D:2)
  A frilled lizard (D:1)
  6 kobolds
  2 rats (D:1)
37 creatures vanquished.

Notes
Turn   | Place    | Note
-------+----------+-------------------------------------------
     0 | D:1      | Danakh the Minotaur Fighter began the quest for the Orb.
     0 | D:1      | Reached XP level 1. HP: 19/19 MP: 0/0
   126 | D:1      | Reached XP level 2. HP: 27/27 MP: 1/1
   920 | D:2      | Noticed Terence
   928 | D:2      | Killed Terence
   928 | D:2      | Reached XP level 3. HP: 26/33 MP: 2/2
  1145 | D:2      | Reached XP level 4. HP: 35/40 MP: 3/3
  1194 | D:2      | Slain by a gnoll

Skill      XL: |  1  2  3 |
---------------+----------+-----
Axes           | 3 |  3.8
Fighting       | 4 |  4.3
Shields        | 4 |  4.2
Armour         | 4 |  4.2

Action                   |  1- 3 |  4- 6 || total
-------------------------+-------+-------++-------
Melee: War axe           |    83 |     4 ||    87
       Headbutt          |    12 |     1 ||    13
  Eat: Chunk             |     1 |       ||     1
Armor: Scale mail        |    46 |    11 ||    57
Dodge: Dodged            |    32 |    10 ||    42
Block: Shield            |    60 |    18 ||    78
